 Dungeon Crawl Stone Soup version 0.31-a0-1620-gcbf77bbcfc (webtiles) character file.

Game seed: 17133983720514321425

4119 RepHenryClay the Magician (level 10, -2/118 HPs)
             Began as a Gnoll Warper on Jan 11, 2024.
             Was a Priest of Okawaru.
             Succumbed to a hornet's poison
             ... on level 9 of the Dungeon.
             The game lasted 00:30:51 (11820 turns).

RepHenryClay the Magician (Gnoll Warper)           Turns: 11820, Time: 00:30:51

Health: -2/118     AC: 29    Str: 12 (14) XL:     10   Next: 27%
Magic:  3/21       EV:  2    Int: 10 (12) God:    Okawaru [***...]
Gold:   479        SH:  0    Dex: 11 (13) Spells: 6/23 levels left

rFire   . . .        a - +1 dagger (venom)
rCold   . . .        (no shield)
rNeg    . . .        o - melded +0 ring mail
rPois   +            (helmet currently unavailable)
rElec   .            g - melded scarf {+Inv}
rCorr   .            (gloves currently unavailable)
SInv    .            (boots currently unavailable)
Will    .....        C - amulet of guardian spirit
Stlth   ++++         h - ring of wizardry
HPRegen 0.39/turn    y - +4 ring of protection
MPRegen 0.17/turn

%: guardian spirit, wizardry (x1)
@: mighty, lethally poisoned (-2 -> -12), tree-form, heroic, studying Earth
Magic
A: stationary, stasis, torment immunity, boosted hp, (fangs 1), strong nose,
distributed training
a: Renounce Religion, Heroism


You were on level 9 of the Dungeon.
You worshipped Okawaru.
Okawaru was most pleased with you.
You were a tree.
You visited 2 branches of the dungeon, and saw 10 of its levels.

You collected 479 gold pieces.

Inventory:

Hand Weapons
 a - a +1 dagger of venom (weapon)
 b - a +3 flail
 H - a +1 dire flail
Missiles
 d - 7 darts of dispersal
 v - 5 poisoned darts (quivered)
 I - a throwing net
Armour
 f - a +0 leather armour
 g - a scarf of invisibility (melded)
 o - a +0 ring mail (melded)
 t - a +0 cloak
 z - a scarf of resistance
 A - the orb of the Garden {light, ^Drain rN+ Str+5}
   (You found it on level 7 of the Dungeon)

   Str+5:     It affects your strength (+5).
   rN+:       It protects you from negative energy.
   ^Drain:    It drains your maximum health when unequipped.
 E - a +0 leather armour of cold resistance
Jewellery
 h - a ring of wizardry (left branch)
 y - a +4 ring of protection (right branch)
 C - an amulet of guardian spirit (around neck)
Wands
 p - a wand of paralysis (1)
 w - a wand of mindburst (16)
Scrolls
 c - a scroll of blinking
 j - 2 scrolls of teleportation
 l - 2 scrolls of enchant weapon
 m - 2 scrolls of revelation
 s - a scroll of silence {unknown}
 u - a scroll of immolation {unknown}
 x - 2 scrolls of identify {@r1}
 F - a scroll of noise {unknown}
Potions
 i - a potion of enlightenment
 k - a potion of degeneration
 n - a potion of attraction


   Skills:
 + Level 7.1(12.1) Fighting
 + Level 5.3(10.3) Short Blades
 + Level 5.3(10.3) Long Blades
 + Level 5.3(10.3) Axes
 + Level 7.1(12.1) Maces & Flails
 + Level 5.3(10.3) Polearms
 + Level 5.3(10.3) Staves
 + Level 5.3(10.3) Ranged Weapons
 + Level 6.0(11.0) Throwing
 + Level 6.0(11.0) Armour
 + Level 7.1(12.1) Dodging
 + Level 5.3(10.3) Stealth
 + Level 5.3(10.3) Shields
 + Level 5.3(10.3) Unarmed Combat
 + Level 7.4 Spellcasting
 + Level 4.4 Conjurations
 + Level 4.4 Hexes
 + Level 4.4 Summonings
 + Level 4.4 Necromancy
 + Level 7.1 Translocations
 + Level 4.4 Fire Magic
 + Level 4.4 Ice Magic
 + Level 4.4 Air Magic
 + Level 6.0 Earth Magic
 + Level 4.4 Alchemy
 + Level 5.8 Invocations
 + Level 5.3 Evocations
 + Level 4.8 Shapeshifting


You had 6 spell levels left.
You knew the following spells:

 Your Spells              Type           Power      Damage    Failure   Level
a - Momentum Strike       Conj/Tloc      30%        3d8       1%          2
b - Lesser Beckoning      Tloc           34%        N/A       1%          2
c - Teleport Other        Tloc           17%        N/A       1%          3
d - Manifold Assault      Tloc           17%        N/A       4%          4
e - Vhi's Electric Charg  Tloc/Air       30%        N/A       7%          4
Q - Blink                 Tloc           34%        N/A       1%          2

Your spell library contained the following spells:

 Spells                   Type           Power      Damage    Failure   Level
 Apportation              Tloc           34%        N/A       1%          1
 Kiss of Death            Conj/Necr      48%        2d9       1%          1
 Shock                    Conj/Air       48%        1d6       1%          1
 Jinxbite                 Hex            24%        N/A       1%          2
 Sublimation of Blood     Necr           12%        N/A       1%          2
 Confusing Touch          Hex            12%        N/A       3%          3
 Swiftness                Air            12%        N/A       3%          3
 Airstrike                Air            6%         2d(1-17)  12%         4
 Dispel Undead            Necr           12%        3d9       12%         4
 Alistair's Intoxication  Alch           8%         N/A       32%         5
 Call Imp                 Summ           Unusable   N/A       N/A         2
 Summon Hydra             Summ           Unusable   N/A       N/A         7

Dungeon Overview and Level Annotations

Branches:
Dungeon (9/15)             Temple (1/1) D:6
   Lair: D:8-11         Orc: D:9-12

Altars:
Ashenzari
Dithmenos
Elyvilon
Fedhas
Gozag
Hepliaklqana
Kikubaaqudgha
Makhleb
Nemelex Xobeh
Okawaru
Qazlal
Ru
Sif Muna
Trog
Uskayaw
Vehumet
Wu Jian
Xom
Yredelemnul
Zin
The Shining One

Shops:
D:2 =   D:5 (   D:6 :

Annotations:
D:6 manuals, Jeremiah
D:8 4 transporters
D:9 1 runed translucent door


Innate Abilities, Weirdness & Mutations

You are a tree.
Your roots penetrate the ground, keeping you stationary.
You cannot be teleported.
You are immune to unholy pain and torment.
Your maximum health is greatly increased.
Your equipment is partially melded.
((You have very sharp teeth.))
Your uncanny sense of smell can sniff out nearby items.
Your experience applies equally to all skills.


Message History

The killer bee stings you but does no damage.
The killer bee barely misses you.
The killer bee stings you but does no damage.
The killer bee barely misses you. The hornet stings you.
* * * LOW HITPOINT WARNING * * *
You are more poisoned.
You feel yourself slow down.
Huge Dmg: -2%(-3hp) hp: 5%(5hp) Level annotation: 1 runed translucent door Welcome back, RepHenryClay the Gnoll Warper.
Okawaru says: Bring me glory in combat!
Press ? for a list of commands and other information.
As you read the scroll labelled GOAVU COHUKHLE, it crumbles to dust.
You assume a fearsome visage.
The hornet looks frightened!
The killer bee looks frightened! x4; The wyvern looks frightened!
It was a scroll of fear.
You feel yourself speed up.
* * * LOW HITPOINT WARNING * * *
You feel very sick.
The killer bee is engulfed in poison gas.
The killer bee is poisoned.
The killer bee is engulfed in poison gas.
The killer bee is poisoned.
The killer bee is engulfed in poison gas.
The killer bee is poisoned. x2; The wyvern looks even sicker.
The hornet is engulfed in poison gas.
The hornet looks even sicker.
The killer bee looks even sicker.
The killer bee is engulfed in poison gas.
The killer bee looks even sicker. x3
Huge Dmg: -4%(-4hp) hp: 1%(1hp) Level annotation: 1 runed translucent door Welcome back, RepHenryClay the Gnoll Warper.
Okawaru says: Bring me glory in combat!
Press ? for a list of commands and other information.
Okay, then.
Okay, then.
Okay, then.
Okay, then.
There is a lethal amount of poison in your body!
You die...

.... #..)....#......######## ...
#.......')))...((...... ...
#.......#....y.........
#..........#.......#)..y..........
#..........#.......#†###########..
#..........#...#####y#.........# .
#..........#...#§§y§§#§§.......#
#........§§#####†.§§§§§§.......#
..........§§§§§§§♣.§k§#.........#
..........§§§§§§..†§§§###########
..........§§§§§§§§§§§§§§§....
..[######.§§§§§§§y§§§y§§§....
...#....#.§§§y§§§§§§§#######.
...#....#.§§§§§§§§§§§#
...#....#.###§§§§§§§§# ...##'###.#
####§§§§§# ..........# #.....#


You could see a hornet (fleeing, very poisoned), a wyvern (fleeing, very
poisoned) and 4 killer bees.

Vanquished Creatures
  A hornet (D:8)
  A steam dragon (D:9)
  A water moccasin (D:5)
  Duvessa (D:7)
  An orc warrior (D:7)
  An ice beast (D:7)
  2 sky beasts
  3 ogres
  2 centaurs
  A phantom (D:6)
  Blork the orc (D:6)
  3 bullfrogs
  2 kobold brigands
  A gnoll sergeant (D:9)
  A scorpion (D:5)
  7 wights
  Dowan (D:7)
  16 killer bees
  A howler monkey (D:8)
  A hound (D:5)
  2 jellies (D:6)
  3 orc priests (D:7)
  3 iron imps (D:5)
  A sleepcap (D:5)
  5 iguanas
  Natasha (thrice) (D:3)
  5 orc wizards
  18 gnolls
  9 adders
  A shadow imp (D:8)
  2 ufetubi (D:5)
  2 ribbon worms
  5 dart slugs
  36 orcs
  8 ball pythons
  11 bats
  4 endoplasms
  4 giant cockroaches
  9 goblins
  5 hobgoblins
  18 kobolds
  2 quokkas (D:1)
  3 frilled lizards
  4 rats
211 creatures vanquished.

Notes
Turn   | Place    | Note
-------+----------+-------------------------------------------
     0 | D:1      | RepHenryClay the Gnoll Warper began the quest for the Orb.
     0 | D:1      | Reached XP level 1. HP: 20/20 MP: 6/6
   156 | D:1      | Found a faded altar of an unknown god.
   177 | D:1      | Reached XP level 2. HP: 22/26 MP: 7/7
   267 | D:1      | Learned a level 2 spell: Blink
   270 | D:1      | Learned a level 2 spell: Lesser Beckoning
   329 | D:1      | Learned a level 2 spell: Momentum Strike
   745 | D:2      | Reached skill level 5 in Spellcasting
   745 | D:2      | Reached XP level 3. HP: 22/31 MP: 7/9
   945 | D:2      | Reached skill level 1 in Invocations
  1001 | D:2      | Found Lemeinyuse's Jewellery Boutique.
  1198 | D:1      | Reached skill level 1 in Short Blades
  1198 | D:1      | Reached skill level 1 in Long Blades
  1198 | D:1      | Reached skill level 1 in Axes
  1198 | D:1      | Reached skill level 1 in Polearms
  1198 | D:1      | Reached skill level 1 in Staves
  1198 | D:1      | Reached skill level 1 in Ranged Weapons
  1198 | D:1      | Reached skill level 1 in Stealth
  1198 | D:1      | Reached skill level 1 in Shields
  1198 | D:1      | Reached skill level 1 in Unarmed Combat
  1198 | D:1      | Reached skill level 1 in Evocations
  1306 | D:2      | Reached skill level 1 in Shapeshifting
  1306 | D:2      | Reached XP level 4. HP: 38/38 MP: 11/11
  1513 | D:3      | Reached skill level 1 in Conjurations
  1513 | D:3      | Reached skill level 1 in Hexes
  1513 | D:3      | Reached skill level 1 in Summonings
  1513 | D:3      | Reached skill level 1 in Necromancy
  1513 | D:3      | Reached skill level 1 in Fire Magic
  1513 | D:3      | Reached skill level 1 in Ice Magic
  1513 | D:3      | Reached skill level 1 in Air Magic
  1513 | D:3      | Reached skill level 1 in Earth Magic
  1513 | D:3      | Reached skill level 1 in Alchemy
  1782 | D:3      | Reached XP level 5. HP: 33/35 MP: 12/12
  2001 | D:3      | Noticed Natasha
  2013 | D:3      | Killed Natasha
  2134 | D:3      | Noticed Natasha
  2147 | D:3      | Killed Natasha
  2431 | D:3      | Noticed Natasha
  2451 | D:3      | Killed Natasha
  2939 | D:2      | Reached XP level 6. HP: 46/48 MP: 13/13
  3136 | D:2      | Learned a level 3 spell: Teleport Other
  3141 | D:2      | Learned a level 4 spell: Manifold Assault
  3479 | D:2      | Reached skill level 5 in Fighting
  3479 | D:2      | Reached skill level 5 in Maces & Flails
  3479 | D:2      | Reached skill level 5 in Dodging
  4219 | D:2      | Found Lemeinyuse's Jewellery Boutique.
  5019 | D:3      | Reached XP level 7. HP: 51/56 MP: 15/15
  5370 | D:4      | You fall into a shaft and drop 3 floors!
  5370 | D:7      | Found a sacrificial altar of Ru.
  5370 | D:7      | Found a shimmering altar of Xom.
  5370 | D:7      | Found an ancient bone altar of Kikubaaqudgha.
  5370 | D:7      | Found a shimmering blue altar of Sif Muna.
  5370 | D:7      | Found a shadowy altar of Dithmenos.
  5507 | D:6      | Found a radiant altar of Vehumet.
  5621 | D:6      | Found a staircase to the Ecumenical Temple.
  5630 | Temple   | Entered the Ecumenical Temple
  5638 | Temple   | Became a worshipper of Warmaster Okawaru
  5804 | D:6      | Found Asmicasi's Self-Improvement Boutique.
  5807 | D:5      | Entered Level 5 of the Dungeon
  5888 | D:5      | Found a basalt altar of Yredelemnul.
  6258 | D:5      | Reached XP level 8. HP: 60/63 MP: 16/16
  6347 | D:5      | Found a burning altar of Makhleb.
  6550 | D:5      | Found Goduh's Weapon Shoppe.
  6741 | D:4      | Found an ornate altar of the Wu Jian Council.
  6990 | D:5      | Reached * piety under Okawaru
  7438 | D:6      | Noticed Blork the orc
  7552 | D:6      | Killed Blork the orc
  7603 | D:6      | Noticed Jeremiah
  7701 | D:7      | Noticed Duvessa
  7701 | D:7      | Noticed Dowan
  7721 | D:7      | Killed Duvessa
  7739 | D:7      | Killed Dowan
  7740 | D:7      | Reached XP level 9. HP: 35/69 MP: 18/18
  7870 | D:7      | Identified the flux talisman "Diorphue" {rF++ Int-3 SInv}
  7903 | D:7      | Identified the orb of the Garden {light, ^Drain rN+ Str+5}
  7958 | D:7      | Reached ** piety under Okawaru
  8589 | D:6      | Reached skill level 5 in Throwing
  8589 | D:6      | Reached skill level 5 in Armour
  8670 | D:6      | Found a hide-covered altar of Uskayaw.
  9162 | D:7      | Learned a level 4 spell: Vhi's Electric Charge
  9647 | D:7      | Found a stormy altar of Qazlal.
  9648 | D:7      | Found a glowing golden altar of the Shining One.
  9685 | D:7      | Reached skill level 5 in Earth Magic
  9685 | D:7      | Reached skill level 5 in Invocations
  9814 | D:8      | Found a transporter.
  9869 | D:8      | Noticed a hornet
  9889 | D:8      | Killed a hornet
  9889 | D:8      | Reached *** piety under Okawaru
 10413 | D:8      | Found a transporter.
 10504 | D:8      | Found a transporter.
 10839 | D:8      | Reached skill level 5 in Short Blades
 10839 | D:8      | Reached skill level 5 in Long Blades
 10839 | D:8      | Reached skill level 5 in Axes
 10839 | D:8      | Reached skill level 5 in Polearms
 10839 | D:8      | Reached skill level 5 in Staves
 10839 | D:8      | Reached skill level 5 in Ranged Weapons
 10839 | D:8      | Reached skill level 5 in Stealth
 10839 | D:8      | Reached skill level 5 in Shields
 10839 | D:8      | Reached skill level 5 in Unarmed Combat
 10839 | D:8      | Reached skill level 5 in Evocations
 10839 | D:8      | Reached XP level 10. HP: 52/73 MP: 11/20
 10949 | D:8      | Found a transporter.
 11348 | D:9      | Noticed a sixfirhy
 11349 | D:9      | Found a runed translucent door.
 11818 | D:9      | HP: 5/118 [hornet (1)]
 11819 | D:9      | HP: 1/118 [poisoned by a hornet]
 11820 | D:9      | Succumbed to a hornet's poison

Illustrated notes

Levels and vault maps discovered:
D:1:      elethiomel_arrival_maze, layout_basic, basic_ecumenical_altar,
          nicolae_twisty_statue_hallways
D:2:      layout_basic, serial_shops, nicolae_square_shop, interstate_on_off,
          lexackson_kobold_supper
D:3:      layout_loops_ring, minmay_misc_feat_plants, uniq_natasha
D:4:      layout_cave_pools, pdpol_wu_jian_five_deadly_venoms, st_stairs_10
D:5:      layout_rooms, mainiacjoe_overflow_concentric_impassable, demons_altar,
          serial_shops, nicolae_shop_bloodbath_and_beyond, corexii_shack,
          minmay_misc_feat_nine_boxes
D:6:      layout_loops_cross, fiery_altar_vehumet,
          nicolae_overflow_hidden_temple, minmay_temple_entry_glassed_door,
          nicolae_shop_self_help, uniq_jeremiah, uniq_blork_the_orc
D:7:      layout_basic, mainiacjoe_overflow_divided_tiny,
          grunt_temple_overflow_open, enter_ossuary_3,
          chequers_serial_rivers_room_b, uniq_duvessa
D:8:      layout_basic, minivault_19, nicolae_diode_intersection
D:9:      cheibrodos_shockbox, layout_irregular_city, uniq_erica
Temple:   hellmonk_temple_rainy

Skill      XL: |  1  2  3  4  5  6  7  8  9 10 |
---------------+-------------------------------+-----
Spellcasting   | 5 6 7 |  7.4
Invocations    | 1 2 3 4 5 |  5.8
Short Blades   | 1 2 3 5 |  5.3
Long Blades    | 1 2 3 5 |  5.3
Axes           | 1 2 3 5 |  5.3
Polearms       | 1 2 3 5 |  5.3
Staves         | 1 2 3 5 |  5.3
Ranged Weapons | 1 2 3 5 |  5.3
Stealth        | 1 2 3 5 |  5.3
Shields        | 1 2 3 5 |  5.3
Unarmed Combat | 1 2 3 5 |  5.3
Evocations     | 1 2 3 5 |  5.3
Shapeshifting  | 1 2 3 4 |  4.8
Conjurations   | 1 2 3 4 |  4.4
Hexes          | 1 2 3 4 |  4.4
Summonings     | 1 2 3 4 |  4.4
Necromancy     | 1 2 3 4 |  4.4
Fire Magic     | 1 2 3 4 |  4.4
Ice Magic      | 1 2 3 4 |  4.4
Air Magic      | 1 2 3 4 |  4.4
Earth Magic    | 1 2 4 5 6 |  6.0
Alchemy        | 1 2 3 4 |  4.4
Throwing       | 3 4 5 6 |  6.0
Armour         | 3 4 5 6 |  6.0
Fighting       | 5 6 7 |  7.1
Maces & Flails | 5 6 7 |  7.1
Dodging        | 5 6 7 |  7.1
Translocations | 6 7 |  7.1

Action                     |  1- 3 |  4- 6 |  7- 9 | 10-12 || total
---------------------------+-------+-------+-------+-------++-------
  Melee: Mace              |    86 |    45 |       |       ||   131
         Bite              |     6 |    24 |    63 |    10 ||   103
         Dagger            |       |   210 |   415 |   110 ||   735
         Punch             |       |     2 |    14 |     6 ||    22
         Flail             |       |     3 |    56 |       ||    59
         Dire flail        |       |       |    45 |     2 ||    47
  Throw: Dart              |       |       |    38 |    18 ||    56
   Cast: Blink             |     1 |     3 |     8 |     2 ||    14
         Lesser Beckoning  |       |     6 |     9 |       ||    15
         Manifold Assault  |       |     1 |     6 |     2 ||     9
         Momentum Strike   |       |     1 |       |       ||     1
         Vhi's Electric Ch |       |       |       |     1 ||     1
 Invoke: Heroism           |       |       |     1 |     1 ||     2
Ability: Evoke Invisibilit |       |     1 |     1 |       ||     2
  Evoke: Wand              |       |       |    14 |       ||    14
    Use: Potion            |     1 |       |     1 |     4 ||     6
         Scroll            |       |       |     6 |     4 ||    10
   Stab: Distracted        |     1 |       |       |       ||     1
         Invisible         |       |     2 |     2 |       ||     4
         Sleeping          |       |     1 |       |       ||     1
         Paralysed         |       |       |     4 |       ||     4
 Armour: Leather armour    |    54 |    52 |       |       ||   106
         Ring mail         |       |   115 |   290 |    68 ||   473
         Skin              |       |       |       |    78 ||    78
  Dodge: Dodged            |    57 |   146 |   290 |    90 ||   583

Table legend: (Time is in decaauts)
 A = Elapsed time spent in this place.
 B = Non-inter-level travel time spent in this place.
 C = Inter-level travel time spent in this place.
 D = Time resting spent in this place.
 E = Time spent auto-exploring this place.
 F = Levels seen in this place.
 G = Mean time per level.
                   A        B        C        D        E       F      G
               +--------+--------+--------+--------+--------+-----+--------+
         Total |  11729 |  11253 |    476 |   1770 |   7129 |  10 | 1172.9 |
       Dungeon |  11712 |  11245 |    467 |   1770 |   7129 |   9 | 1301.3 |
        Temple |     16 |      8 |      8 |      0 |      0 |   1 |   16.0 |
               +--------+--------+--------+--------+--------+-----+--------+

Top non-repeatable levels by time:
     D:3: 2050 daAuts
     D:2: 1914 daAuts
     D:6: 1611 daAuts
     D:8: 1397 daAuts
     D:7: 1319 daAuts
     D:5: 1204 daAuts
     D:1: 911 daAuts
     D:4: 898 daAuts
     D:9: 404 daAuts
  Temple: 16 daAuts
